 Dungeon Crawl Stone Soup version 0.30-a0-122-g2a1322497e (webtiles) character file.

Game seed: 12757283973097713542

102 Chimkentus the Scratcher (level 4, -2/19 HPs)
             Began as a Felid Transmuter on Sept 16, 2022.
             Slain by an iguana (13 damage)
             ... on level 4 of the Dungeon.
             The game lasted 00:24:09 (3442 turns).

Chimkentus the Scratcher (Felid Transmuter)         Turns: 3442, Time: 00:24:10

Health: -2/19      AC:  1    Str:  8    XL:     4   Next: 50%
Magic:  18/18      EV: 17    Int: 14    God:
Gold:   173        SH:  0    Dex: 16    Spells: 2/8 levels left
                                        Lives:  0   Deaths: 1

rFire   . . .      SeeInvis +      - Unarmed
rCold   . . .      Faith    .    (shield unavailable)
rNeg    . . .      Spirit   .    (body armour unavailable)
rPois   .          Reflect  .    (helmet unavailable)
rElec   .          Harm     .    (cloak unavailable)
rCorr   .          Rampage  .    (gloves unavailable)
Will    .....                    (boots unavailable)
Stlth   ++........               (no amulet)
HPRegen 0.06/turn                c - ring of magical power
MPRegen 0.16/turn                (no ring)

@: lethally poisoned (-2 -> -6), appendages (expiring), quick
A: horns 2, very small, claws 1, fangs 3, see invisible, speed 1, shaggy fur 1,
stealthy paws, no weapons or thrown items, no armour, multi-lived
a: End Transformation


You were on level 4 of the Dungeon.
You had temporarily grown beastly horns.
You visited 1 branch of the dungeon, and saw 4 of its levels.

You collected 173 gold pieces.

Inventory:

Jewellery
 c - a ring of magical power (left paw)
 m - an amulet of faith
Scrolls
 f - a scroll of teleportation {unknown}
 i - a scroll of enchant armour {unknown}
 j - a scroll of immolation
 l - a scroll of fog {unknown}
 n - a scroll of amnesia {unknown}
 p - a scroll of summoning {unknown}
 q - a scroll of blinking {unknown}
 r - a scroll of torment {unknown}
Potions
 a - 2 potions of lignification
 b - 2 potions of attraction
 d - a potion of heal wounds {unknown}
 e - a potion of flight {unknown}
 g - a potion of might
 h - 2 potions of curing {unknown}
 k - 2 potions of berserk rage
 o - a potion of brilliance {unknown}


   Skills:
 * Level 2.2 Fighting
 + Level 3.1 Dodging
 * Level 2.2 Stealth
 + Level 3.6 Unarmed Combat
 + Level 2.6 Spellcasting
 * Level 3.6 Transmutations


You had 2 spell levels left.
You knew the following spells:

 Your Spells              Type           Power      Damage    Failure   Level
a - Beastly Appendage     Tmut           24%        N/A       4%          1
b - Wereblood             Tmut           12%        N/A       8%          2
c - Spider Form           Tmut/Pois      6%         N/A       32%         3

Your spell library contained the following spells:

 Spells                   Type           Power      Damage    Failure   Level
 Ice Form                 Ice/Tmut       6%         N/A       71%         4


Dungeon Overview and Level Annotations

Branches:
Dungeon (4/15)
 Temple: D:4-7

Altars:


Innate Abilities, Weirdness & Mutations

You have temporarily grown beastly horns.
You have sharp claws.
You have razor-sharp teeth.
You have supernaturally acute eyesight. (SInv)
You cover ground quickly. (Speed+)
You are covered in fur. (AC +1)
Your paws help you pounce on unaware monsters.
You are incapable of wielding weapons or throwing items.
You cannot wear armour.
You gain extra lives every three experience levels.


Message History

Your primal bloodlust has ended.
You see here a +0 spear.
There is an escape hatch in the floor here.
Casting: Wereblood (safe; 8% risk of failure)
Confirm with . or Enter, or press ? or * to list all spells.
You grow a pair of large bovine horns.
You slide downwards.
The hatch slams shut behind you.
Okay, then.
Found a stone staircase leading down.
A scorpion and a jelly come into view.
The jelly quivers.
Found a scroll labelled EXAEGR UCIATA.
The giant cockroach waves its antennae.
Your transformation is almost over.
You scratch the giant cockroach. You headbutt the giant cockroach.
You kill the giant cockroach!
Your horns disappear.
r - a scroll labelled EXAEGR UCIATA A hobgoblin comes into view.
Casting: Beastly Appendage (safe; 4% risk of failure)
Confirm with . or Enter, or press ? or * to list all spells.
You grow a pair of large bovine horns.
A kobold comes into view.
It is wielding a +0 dagger and quivering poisoned darts.
Found 17 gold pieces.
The kobold shouts!
A ball python comes into view.
The kobold throws a poisoned dart.
The poisoned dart hits you!
You are poisoned.
You feel very sick.
You feel sick.
The iguana hisses angrily.
Okay, then.
Okay, then.
You feel sick.
You feel sick. The iguana barely misses you.
You feel sick. The iguana completely misses you.
Your transformation is almost over.
You feel sick. The iguana bites you!
Ouch! That really hurt!
You die...

#####h##......................
#.##..#..#..$...........##
#.#..##$......J###.#.#....
#..................####.##
#.#.####.....####..###....
#####...####.....# #...l.....
#....>...g##.....####..###....
#.......#.s.l..........# #....
#.......##...@......##.# #####
#......s##.#........##.#
#.......####........##.#
#.......# #............
#...$..K# #.........###
#.......# #########..#
#..S..... #.#


You could see a scorpion, an iguana, a jelly (wandering) and a hobgoblin.

Vanquished Creatures
  2 orc wizards (D:3)
  3 gnolls (D:3)
  2 adders
  9 orcs (D:3)
  A bat (D:1)
  4 endoplasms
  2 giant cockroaches
  4 hobgoblins
  4 jackals (D:1)
  3 ball pythons
  3 frilled lizards
  4 goblins
  6 kobolds
  5 rats
52 creatures vanquished.

Notes
Turn   | Place    | Note
-------+----------+-------------------------------------------
     0 | D:1      | Chimkentus the Felid Transmuter began the quest for the
                  | Orb.
     0 | D:1      | Reached XP level 1. HP: 9/9 MP: 4/4
   317 | D:1      | Reached XP level 2. HP: 11/12 MP: 6/6
   320 | D:1      | Learned a level 2 spell: Wereblood
   855 | D:1      | You fall into a shaft and drop 1 floor!
   857 | D:2      | Found a faded altar of an unknown god.
   875 | D:2      | Reached skill level 1 in Stealth
  1662 | D:2      | Reached XP level 3. HP: 15/15 MP: 7/7
  1714 | D:2      | Learned a level 3 spell: Spider Form
  2827 | D:3      | Reached XP level 4. HP: 19/19 MP: 8/8
  2875 | D:3      | Slain by an orc
  2876 | D:3      | Reached XP level 3. HP: -2/16 MP: 13/16
  2883 | D:3      | Reached XP level 4. HP: 19/19 MP: 8/8
  3199 | D:4      | Noticed a black bear
  3300 | D:4      | Noticed a black bear
  3383 | D:4      | Noticed a scorpion
  3442 | D:4      | Slain by an iguana

Illustrated notes

Levels and vault maps discovered:
D:1:      dpeg_arrival_simpleton_c, layout_basic
D:2:      layout_loops_ring, hellmonk_ecumenical_altar_blasted
D:3:      layout_loops_ring, chequers_mini_garden
D:4:      layout_basic, minmay_temple_entry_nine_rooms

Skill      XL: |  1  2  3  4 |
---------------+-------------+-----
Dodging        | 3 |  3.1
Stealth        | 1 2 |  2.2
Transmutations | 3 |  3.6
Fighting       | 2 |  2.2
Unarmed Combat | |  3.6
Spellcasting   | |  2.6

Action                   |  1- 3 |  4- 6 || total
-------------------------+-------+-------++-------
Melee: Unarmed           |   111 |    33 ||   144
       Headbutt          |    12 |     3 ||    15
       Bite              |     7 |     3 ||    10
       Punch             |     1 |     2 ||     3
 Cast: Beastly Appendage |    31 |     8 ||    39
       Wereblood         |     8 |     5 ||    13
       Spider Form       |       |     1 ||     1
  Use: Scroll            |       |     2 ||     2
       Potion            |       |     2 ||     2
 Stab: Sleeping          |     6 |     2 ||     8
       Distracted        |     1 |       ||     1
Armor: Skin              |     7 |       ||     7
Dodge: Dodged            |    77 |    29 ||   106

Table legend: (Time is in decaauts)
 A = Elapsed time spent in this place.
 B = Non-inter-level travel time spent in this place.
 C = Inter-level travel time spent in this place.
 D = Time resting spent in this place.
 E = Time spent auto-exploring this place.
 F = Levels seen in this place.
 G = Mean time per level.
                   A        B        C        D        E       F      G
               +--------+--------+--------+--------+--------+-----+--------+
         Total |   3013 |   2763 |    250 |    344 |   1728 |   4 |  753.2 |
       Dungeon |   3013 |   2763 |    250 |    344 |   1728 |   4 |  753.2 |
               +--------+--------+--------+--------+--------+-----+--------+

Top non-repeatable levels by time:
     D:3: 1093 daAuts
     D:2: 1027 daAuts
     D:1: 754 daAuts
     D:4: 139 daAuts
